 Dungeon Crawl Stone Soup version 0.28.0 (webtiles) character file.

Game seed: 1543840106989454296

93 browni3141 the Chopper (level 4, -3/61 HPs)
             Began as a Minotaur Berserker on Feb 16, 2022.
             Was a Believer of Trog.
             Slain by an orc (4 damage)
             ... on level 3 of the Dungeon.
             The game lasted 00:01:04 (3097 turns).

browni3141 the Chopper (Minotaur Berserker)         Turns: 3097, Time: 00:01:05

Health: -3/61      AC:  3    Str: 24    XL:     4   Next: 37%
Magic:  3/3        EV: 12    Int:  4    God:    Trog [**....]
Gold:   129        SH:  0    Dex:  9    Spells: 3/3 levels left

rFire   . . .      SeeInvis .   a - +0 hand axe
rCold   . . .      Faith    .   (no shield)
rNeg    . . .      Spirit   .   b - +0 animal skin
rPois   .          Reflect  .   q - +0 hat
rElec   .          Harm     .   (no cloak)
rCorr   .          Rampage  .   p - +0 pair of gloves
Will    .....                   (no boots)
Stlth   ..........              (no amulet)
HPRegen 0.20/turn               (no ring)
MPRegen 0.08/turn               (no ring)

@: berserking, very quick
A: horns 2, retaliatory headbutt
a: Renounce Religion, Berserk, Trog's Hand


You were on level 3 of the Dungeon.
You worshipped Trog.
Trog was pleased with you.
You visited 1 branch of the dungeon, and saw 4 of its levels.

You collected 129 gold pieces.

Inventory:

Hand Weapons
 a - a +0 hand axe (weapon)
Armour
 b - a +0 animal skin (worn)
 p - a +0 pair of gloves (worn)
 q - a +0 hat (worn)
Jewellery
 r - a +6 ring of intelligence
Wands
 t - a wand of flame (15)
Scrolls
 c - a scroll of holy word {unknown}
 d - a scroll of teleportation {unknown}
 g - a scroll of acquirement {unknown}
 h - a scroll of vulnerability {unknown}
 j - 2 scrolls of silence {unknown}
 k - a scroll of blinking {unknown}
 m - 2 scrolls of amnesia {unknown}
 o - a scroll of enchant armour {unknown}
 u - a scroll of noise {unknown}
Potions
 e - a potion of cancellation {unknown}
 f - a potion of mutation {unknown}
 i - a potion of curing {unknown}
 l - 2 potions of attraction {unknown}
 n - a potion of might {unknown}
 s - a potion of heal wounds {unknown}


   Skills:
 + Level 4.6 Fighting
 + Level 4.7 Axes
 + Level 3.8 Armour
 - Level 2.1 Dodging


You had 3 spell levels left.
You didn't know any spells.
Your spell library was empty.

Dungeon Overview and Level Annotations

Branches:
Dungeon (4/15)
 Temple: D:4-7

Altars:


Innate Abilities, Weirdness & Mutations

You have a pair of horns on your head.
You reflexively headbutt those who attack you in melee.


Message History

The orc hits you from afar with a +0 trident.
* * * LOW HITPOINT WARNING * * *
You are too injured to fight recklessly!
You slash the hobgoblin!
You kill the hobgoblin!
Trog accepts your kill.
You closely miss the goblin. Robin throws the goblin at you!
The goblin barely misses you. You furiously retaliate!
You headbutt the goblin, but do no damage.
The goblin completely misses you. The orc closely misses you.
You are too injured to fight recklessly!
You slash the goblin!
You kill the goblin!
Trog accepts your kill.
You miss the goblin. The goblin closely misses you. The orc misses you.
Unknown command.
A red film seems to cover your vision as you go berserk!
You feel yourself moving faster!
You feel mighty! The goblin barely misses you. The orc misses you.
The hobgoblin hits you.
* * * LOW HITPOINT WARNING * * *
Robin hits you from afar with a +0 spear.
* * * LOW HITPOINT WARNING * * *
You are too injured to fight recklessly!
You barely miss the hobgoblin. You headbutt the hobgoblin.
You kill the hobgoblin!
Trog accepts your kill.
You closely miss the goblin. The goblin hits you with a +0 club.
* * * LOW HITPOINT WARNING * * *
You are too injured to fight recklessly!
Robin completely misses you.
Things that are here:
a +0 club; a goblin corpse; a hobgoblin corpse You are too injured to fight recklessly!
You hit Robin.
Robin is moderately wounded.
Robin completely misses you. You furiously retaliate!
You headbutt Robin!
You kill Robin!
Trog accepts your kill. The orc hits you with a +0 hand axe.
You die...

#.#
#..........###
#.#
#.####.)#..#
#.## #..#..#
...#
#.####..#..#
...#
.......gg..#
..##
#.#####.#.##
..# #g#.# >.#
#)# # ..###
#@# ....#
......ooog#
####≈≈≈.
........###
≈≈. .######.#
≈≈ #.# ≈ ..#
... ###


You could see 3 orcs, a hobgoblin (strong) and 3 goblins.

Vanquished Creatures
  Robin (D:3)
  4 adders
  A worm (D:2)
  An orc (D:3)
  2 bats
  3 endoplasms
  2 giant cockroaches (D:1)
  6 goblins
  8 hobgoblins
  2 jackals (D:3)
  A ball python (D:1)
  2 frilled lizards
  A kobold (D:1)
  10 rats
44 creatures vanquished.

Notes
Turn   | Place    | Note
-------+----------+-------------------------------------------
     0 | D:1      | browni3141 the Minotaur Berserker began the quest for the
                  | Orb.
     0 | D:1      | Reached XP level 1. HP: 19/19 MP: 0/0
   346 | D:1      | Found a faded altar of an unknown god.
   352 | D:1      | Reached XP level 2. HP: 17/27 MP: 1/1
  1374 | D:2      | Reached XP level 3. HP: 6/33 MP: 2/2
  1378 | D:2      | HP: 1/33 [poisoned by an adder]
  1714 | D:2      | Reached ** piety under Trog
  2870 | D:3      | You fall into a shaft and drop 1 floor!
  2908 | D:4      | Reached XP level 4. HP: 37/41 MP: 3/3
  3080 | D:3      | Noticed Robin
  3094 | D:3      | HP: 1/61 [goblin[Robin] (4)]
  3096 | D:3      | Killed Robin
  3097 | D:3      | Slain by an orc

Illustrated notes

Levels and vault maps discovered:
D:1:      wander_arrival_estate, layout_basic,
          hellmonk_ecumenical_altar_prayer_group, minmay_rat_gold_closets
D:2:      layout_basic
D:3:      layout_loops_ring, chequers_serial_rivers_small_3, uniq_robin
D:4:      layout_loops_ring, kennysheep_small_spiral, uniq_sigmund,
          uniq_grinder, uniq_duvessa

Skill      XL: |  1  2 |
---------------+-------+-----
Axes           | 4 |  4.7
Fighting       | 4 |  4.6
Armour         | 3 |  3.8
Dodging        | |  2.1

Action                   |  1- 3 |  4- 6 || total
-------------------------+-------+-------++-------
Melee: Hand axe          |    71 |    25 ||    96
       Headbutt          |     6 |     3 ||     9
       Punch             |     2 |       ||     2
Invok: Berserk           |       |     1 ||     1
 Stab: Sleeping          |     2 |       ||     2
Armor: Animal skin       |    18 |     6 ||    24
Dodge: Dodged            |    33 |    21 ||    54
